[Event "Titled Tuesday Blitz October 5 2021"]
[White "Khoroshev, Nikita"]
[Black "Garcia Garcia, Alejandro"]
[WhiteFideId "14200287"]
[BlackFideId "3516334"]
[WhiteElo "2376"]
[BlackElo "2131"]
[Result "1-0"]
[Round "05"]
[TimeControl "180+1"]
[Date "2021.10.05"]
[WhiteClock "0:00:09"]
[BlackClock "0:00:05"]

1. e4 c5 2. Nf3 e6 3. b3 g6 4. Bb2 Nf6 5. e5 Nd5 6. c4 Nb4 7. Nc3 d5 8. exd6 Bg7 9. d4 Qxd6 10. dxc5 Qxd1+ 11. Rxd1 Nxa2 12. Nd4 Nxc3 13. Bxc3 Na6 14. b4 O-O 15. Be2 Rd8 16. O-O Nxb4 17. Bxb4 Bxd4 18. Bf3 Rb8 19. Rfe1 f6 20. Bc3 e5 21. Bxd4 Rxd4 22. Rxd4 exd4 23. Re8+ Kf7 24. Rh8 Kg7 25. Rd8 d3 26. h3 d2 27. Rxd2 Be6 28. Rb2 b6 29. c6 Rc8 30. Re2 1-0


[Site "https://www.chess.com"]

[Event "Titled Tuesday Blitz October 5 2021"]
[White "King, Alexander"]
[Black "Vinod, Kumar Sharma"]
[WhiteFideId "2063620"]
[BlackFideId "5013518"]
[WhiteElo "2306"]
[BlackElo "2415"]
[Result "1-0"]
[Round "05"]
[TimeControl "180+1"]
[Date "2021.10.05"]
[WhiteClock "0:00:09"]
[BlackClock "0:00:08"]

1. d4 d5 2. c4 dxc4 3. Nf3 Nf6 4. e3 Bg4 5. Bxc4 e6 6. Nc3 Nbd7 7. h3 Bh5 8. g4 Bg6 9. Nh4 Bb4 10. Nxg6 hxg6 11. Bf1 c6 12. Bg2 Qe7 13. a3 Bd6 14. g5 Nd5 15. h4 Nxc3 16. bxc3 e5 17. Qb3 Rb8 18. a4 O-O 19. Bd2 c5 20. Kf1 b6 21. Qd1 cxd4 22. cxd4 exd4 23. exd4 Bb4 24. Be3 Qd6 25. h5 Rfe8 26. Qg4 Nf8 27. h6 gxh6 28. Rxh6 Ne6 29. d5 Ng7 30. Bd4 Re5 31. Qh4 Nh5 32. Bxe5 Qxe5 33. Rd1 Re8 34. Kg1 Qe2 35. Rf1 Bd2 36. Qd4 Re5 37. Qh4 Kg7 38. Qd4 Bxg5 39. Rxh5 gxh5 40. f4 Bxf4 41. Qxf4 Qe3+ 42. Qxe3 Rxe3 43. Rd1 Re2 44. d6 Ra2 45. d7 Rxa4 46. d8=Q Rg4 47. Qd3 Rxg2+ 48. Kxg2 h4 49. Kf3 Kf6 50. Kf4 Ke6 51. Qd6# 1-0


[Site "https://www.chess.com"]

[Event "Titled Tuesday Blitz October 5 2021"]
[White "Korchmar, Vasiliy"]
[Black "Reprintsev, Alexander"]
[WhiteFideId "24131750"]
[BlackFideId "14100541"]
[WhiteElo "2370"]
[BlackElo "2126"]
[Result "0-1"]
[Round "05"]
[TimeControl "180+1"]
[Date "2021.10.05"]
[WhiteClock "0:00:03"]
[BlackClock "0:00:55"]

1. e4 d5 2. exd5 Qxd5 3. Nc3 Qa5 4. d4 Nf6 5. Bc4 Bg4 6. Nf3 Nc6 7. h3 Qh5 8. Bb5 Bxf3 9. Qxf3 Qxf3 10. gxf3 O-O-O 11. Bxc6 bxc6 12. Be3 Nd5 13. Ne4 h6 14. O-O-O f5 15. Nc5 e5 16. dxe5 Nxe3 17. Rxd8+ Kxd8 18. Ne6+ Ke7 19. Nxf8 Rxf8 20. fxe3 f4 21. e4 Ke6 22. Rd1 Rf7 23. Rd8 Kxe5 24. Ra8 Rf6 25. Rxa7 Kd6 26. Ra8 Rg6 27. Rf8 Ke5 28. a4 Kd4 29. Rd8+ Ke3 30. Rd3+ Ke2 31. b4 c5 32. b5 c4 33. Ra3 Rb6 34. a5 Rxb5 35. a6 Rb8 36. a7 Ra8 37. e5 c3 38. e6 Kxf3 39. e7 Kg2 40. Rxc3 f3 41. Rc4 h5 42. Rf4 f2 0-1


[Site "https://www.chess.com"]

[Event "Titled Tuesday Blitz October 5 2021"]
[White "Kovalev, Vladislav"]
[Black "Siva Mahadevan"]
[WhiteFideId "13504398"]
[BlackFideId "25043153"]
[WhiteElo "2573"]
[BlackElo "2203"]
[Result "0-1"]
[Round "05"]
[TimeControl "180+1"]
[Date "2021.10.05"]
[WhiteClock "0:00:03"]
[BlackClock "0:00:13"]

1. e4 c5 2. Be2 Nc6 3. d3 e6 4. f4 d5 5. Nf3 Bd6 6. c3 Nge7 7. O-O O-O 8. Qe1 b6 9. Na3 Ba6 10. Nc2 f6 11. Kh1 Qd7 12. Be3 Rae8 13. Rd1 Qc7 14. Nd2 Kh8 15. Qf2 Ng6 16. g3 e5 17. f5 Nge7 18. Qg2 d4 19. Bg1 dxc3 20. bxc3 Rd8 21. Ne3 Qb7 22. Nd5 Bb8 23. c4 Nd4 24. Bh5 Nxd5 25. exd5 b5 26. Nb3 Bd6 27. Rb1 Qd7 28. Nd2 Rb8 29. Qh3 Kg8 30. Be3 Rb6 31. Rbc1 Rfb8 32. Ne4 bxc4 33. dxc4 Rb2 34. Qg4 Qe7 35. Bh6 R8b7 36. Bxg7 Qxg7 37. Nxd6 Qxg4 38. Bxg4 Rc7 39. Ne4 Kf7 40. d6 Rc6 41. Rb1 Rxb1 42. Rxb1 Rc8 43. d7 Rd8 44. Nxc5 Bxc4 45. a4 Ke7 46. Kg1 Bd5 47. Kf2 Kd6 48. Rc1 Bc6 49. h4 Ke7 50. Bd1 Bxd7 51. Ne4 Bc6 52. Nc5 Rb8 53. Nd3 Bd7 54. Ke3 Nxf5+ 55. Kf2 Kd6 56. g4 Nd4 57. g5 fxg5 58. hxg5 Rf8+ 59. Ke3 Nf5+ 60. Kd2 Bc6 61. Nb4 Bb7 62. Bc2 Nd4 63. Rh1 Rf2+ 64. Ke3 Rxc2 65. Rh6+ Kc5 66. Nxc2 Nxc2+ 67. Kd2 Be4 68. Rxh7 Bxh7 69. g6 Bxg6 0-1


[Site "https://www.chess.com"]

[Event "Titled Tuesday Blitz October 5 2021"]
[White "Krysa, Leandro"]
[Black "Gubajdullin, Alexei"]
[WhiteFideId "116807"]
[BlackFideId "4141202"]
[WhiteElo "2490"]
[BlackElo "2268"]
[Result "1-0"]
[Round "05"]
[TimeControl "180+1"]
[Date "2021.10.05"]
[WhiteClock "0:00:11"]
[BlackClock "0:00:18"]

1. e4 d6 2. d4 g6 3. Nf3 Nf6 4. Nc3 Bg7 5. Be2 O-O 6. O-O a6 7. Re1 e6 8. a4 b6 9. Bg5 h6 10. Bh4 Bb7 11. e5 dxe5 12. Nxe5 Nbd7 13. Bf3 Qc8 14. Nxd7 Nxd7 15. d5 Ne5 16. Bg3 Nxf3+ 17. Qxf3 Rd8 18. Rad1 Rd7 19. dxe6 Rxd1 20. Qxf7+ Kh8 21. Rxd1 Bc6 22. Bxc7 Qb7 23. Bd8 Bxc3 24. e7 Ra7 25. e8=Q+ Bxe8 26. Qxe8+ Kh7 27. bxc3 g5 28. Re1 Qd5 29. Re7+ Rxe7 30. Qxe7+ Kg8 31. h3 Qc6 32. Qb4 b5 33. axb5 axb5 34. Qd4 Qe6 35. Bb6 Qe1+ 36. Kh2 Qe6 37. Bc5 Kf7 38. Qd6 Qf5 39. Qc7+ Kg8 40. Qd6 Kf7 41. Be3 h5 42. Qc5 Qxc2 43. Qxg5 Ke6 44. Qxb5 Qd1 45. Qc6+ Kf5 46. Qf3+ Qxf3 47. gxf3 h4 48. Kg2 Ke5 49. Kf1 Kf5 50. Ke2 Ke5 51. Kd3 Kd5 52. c4+ Ke5 53. Kc3 Kd6 54. Kd4 Kc6 55. Ke4 Kd6 56. Kf4 Ke6 57. Kg4 Kd6 58. Kxh4 Ke5 59. Kg5 Ke6 60. h4 Ke5 61. h5 Kd6 62. Kg6 Kc6 63. h6 Kd7 64. h7 Ke6 65. h8=Q Kd6 66. Qd4+ Kc6 67. Qd5+ Kc7 68. c5 Kc8 69. Qf7 Kd8 70. c6 Kc8 71. Qd7+ Kb8 72. Qb7# 1-0


[Site "https://www.chess.com"]

[Event "Titled Tuesday Blitz October 5 2021"]
[White "Kuegel, Tobias"]
[Black "Paltrinieri, Nicholas"]
[WhiteFideId "4636295"]
[BlackFideId "828262"]
[WhiteElo "2439"]
[BlackElo "2254"]
[Result "0-1"]
[Round "05"]
[TimeControl "180+1"]
[Date "2021.10.05"]
[WhiteClock "0:00:05"]
[BlackClock "0:00:35"]

1. Nf3 e6 2. b3 f5 3. Bb2 Nf6 4. c4 d6 5. d4 g6 6. e3 Bg7 7. Bd3 O-O 8. O-O Qe7 9. Qc2 Nc6 10. a3 e5 11. dxe5 dxe5 12. c5 Kh8 13. Bb5 e4 14. Bxc6 bxc6 15. Nd4 Bd7 16. Nd2 Rfd8 17. b4 a5 18. Nc4 axb4 19. axb4 Nd5 20. b5 cxb5 21. c6 Nb4 22. Qe2 Bxc6 23. Nxc6 Nxc6 24. Na3 b4 25. Nc4 Ne5 26. Rfc1 Nd3 27. Bxg7+ Qxg7 28. Rxa8 Rxa8 29. Rb1 Ra1 30. Qd1 Rxb1 31. Qxb1 Qc3 32. Kf1 Qxc4 0-1


[Site "https://www.chess.com"]

[Event "Titled Tuesday Blitz October 5 2021"]
[White "Madaminov, Mukhiddin"]
[Black "Moskalenko, Alexander"]
[WhiteFideId "14210703"]
[BlackFideId "4155351"]
[WhiteElo "1855"]
[BlackElo "2515"]
[Result "1-0"]
[Round "05"]
[TimeControl "180+1"]
[Date "2021.10.05"]
[WhiteClock "0:00:03"]
[BlackClock "0:00:03"]

1. e4 c6 2. Nf3 d5 3. Nc3 dxe4 4. Nxe4 Nf6 5. Nxf6+ exf6 6. Bc4 Bd6 7. Qe2+ Qe7 8. Qxe7+ Kxe7 9. O-O Be6 10. Re1 Kd7 11. Bb3 Re8 12. d3 Na6 13. Be3 Nc5 14. Bxe6+ fxe6 15. Rad1 Kc7 16. Nd2 b5 17. Kf1 Na4 18. Rb1 e5 19. g4 a5 20. Ne4 Bb4 21. Red1 Nb6 22. Ke2 Nd5 23. h4 Nxe3 24. fxe3 Be7 25. h5 Rf8 26. Rf1 g6 27. Rf2 Kd7 28. Rh1 f5 29. gxf5 gxf5 30. Ng3 Ke6 31. Rhf1 f4 32. exf4 exf4 33. Rxf4 Rxf4 34. Rxf4 Rg8 35. Kf3 Bd6 36. Rg4 Rf8+ 37. Ke3 Bxg3 38. Rxg3 Rf5 39. h6 Rh5 40. c4 Kd6 41. cxb5 cxb5 42. Rg7 Rh3+ 43. Kd4 Rh4+ 44. Kc3 Rxh6 45. Ra7 Rh1 46. Rxa5 Kc6 47. Kb4 Rh4+ 48. Kc3 h5 49. Ra8 Rh2 50. Rh8 h4 51. Rh6+ Kc5 52. Rh5+ Kc6 53. a3 h3 54. b3 Rh1 55. Kb4 h2 56. Rh6+ Kd5 57. Rh4 Kc6 58. Rh5 Kd6 59. d4 Kc6 60. Rh4 Kd5 61. Rh3 Kxd4 62. Rh5 Ke3 63. Rh6 Kf4 64. Kxb5 Kg3 65. b4 Ra1 66. a4 h1=Q 67. Rxh1 Rxh1 68. a5 Kf4 69. a6 Ra1 70. Kb6 Ke5 71. b5 Kd6 72. Ka7 Kc5 73. b6 Kb5 74. b7 Rxa6+ 75. Kb8 Re6 76. Ka7 Re7 77. Ka8 Ka6 78. b8=Q Re6 79. Qc8+ Ka5 80. Qxe6 1-0


[Site "https://www.chess.com"]

[Event "Titled Tuesday Blitz October 5 2021"]
[White "Maiorov, Nikita"]
[Black "Khamrakulov, Djurabek"]
[WhiteFideId "13501720"]
[BlackFideId "14201143"]
[WhiteElo "2456"]
[BlackElo "2535"]
[Result "0-1"]
[Round "05"]
[TimeControl "180+1"]
[Date "2021.10.05"]
[WhiteClock "0:00:25"]
[BlackClock "0:00:59"]

1. d4 Nf6 2. c4 e6 3. Nc3 Bb4 4. Qc2 O-O 5. a3 Bxc3+ 6. Qxc3 b6 7. Bg5 Bb7 8. f3 c5 9. dxc5 bxc5 10. e3 d6 11. Nh3 Nbd7 12. Be2 Qb6 13. O-O a5 14. Rfd1 Rfb8 15. Rab1 Ba6 16. Bf1 d5 17. Bh4 Qb3 18. Be1 Bxc4 19. Bxc4 dxc4 20. e4 Nb6 21. Qe5 Na4 22. Nf4 Rd8 23. Rdc1 h6 24. Kh1 Rd7 25. Bh4 Rad8 26. Rg1 Rd1 27. Bxf6 Rxb1 28. Bxd8 Rxg1+ 29. Kxg1 Qd1+ 30. Kf2 Qxd8 31. Nh5 Qd4+ 32. Qxd4 cxd4 33. Ke2 Nxb2 34. Kd2 e5 0-1


[Site "https://www.chess.com"]

[Event "Titled Tuesday Blitz October 5 2021"]
[White "Makarian, Rudik"]
[Black "Trent, Lawrence"]
[WhiteFideId "44105681"]
[BlackFideId "408638"]
[WhiteElo "2480"]
[BlackElo "2474"]
[Result "1-0"]
[Round "05"]
[TimeControl "180+1"]
[Date "2021.10.05"]
[WhiteClock "0:00:18"]
[BlackClock "0:00:03"]

1. d4 Nf6 2. c4 e6 3. Nf3 d5 4. g3 dxc4 5. Bg2 Be7 6. Qa4+ c6 7. Qxc4 b5 8. Qc2 Bb7 9. O-O a6 10. Rd1 Nbd7 11. Ne5 Qb6 12. Be3 Nd5 13. Nxd7 Kxd7 14. Bd2 f5 15. Nc3 Bf6 16. e3 h5 17. a4 h4 18. Be1 hxg3 19. hxg3 g5 20. e4 fxe4 21. Nxe4 Be7 22. Nc5+ Bxc5 23. dxc5 Qc7 24. Bc3 Rhf8 25. Qe4 Rae8 26. Be5 Qd8 27. axb5 cxb5 28. Bh3 Qa8 29. Rd4 Bc6 30. Rad1 Ke7 31. Bd6+ Kf6 32. Qe5+ Kg6 33. Bxe6 Rf6 34. Rg4 1-0


[Site "https://www.chess.com"]

[Event "Titled Tuesday Blitz October 5 2021"]
[White "Martinovici, Ilia"]
[Black "Khanin, Semen"]
[WhiteFideId "13907034"]
[BlackFideId "4111990"]
[WhiteElo "2303"]
[BlackElo "2436"]
[Result "1-0"]
[Round "05"]
[TimeControl "180+1"]
[Date "2021.10.05"]
[WhiteClock "0:00:42"]
[BlackClock "0:00:43"]

1. d4 g6 2. c4 Bg7 3. Nc3 d6 4. e4 e5 5. d5 a5 6. Nge2 Na6 7. f3 Nh6 8. Be3 f5 9. Qd2 O-O 10. O-O-O Qh4 11. Bg5 Qf2 12. Bxh6 Bxh6 13. Qxh6 Nc5 14. Qd2 fxe4 15. Nxe4 Nxe4 16. fxe4 a4 17. Nc3 Qc5 18. Be2 a3 19. b3 Rf2 20. Rhg1 Bd7 21. Rdf1 Raf8 22. Nd1 Rxe2 23. Qxe2 Rxf1 24. Rxf1 Qd4 25. Kb1 Bg4 26. Qe3 1-0


[Site "https://www.chess.com"]

[Event "Titled Tuesday Blitz October 5 2021"]
[White "Matamoros Franco, Carlos S."]
[Black "Leitao, Rafael"]
[WhiteFideId "3600017"]
[BlackFideId "2101246"]
[WhiteElo "2554"]
[BlackElo "2609"]
[Result "0-1"]
[Round "05"]
[TimeControl "180+1"]
[Date "2021.10.05"]
[WhiteClock "0:00:04"]
[BlackClock "0:00:18"]

1. Nf3 Nf6 2. g3 d5 3. Bg2 e6 4. O-O Be7 5. c4 O-O 6. b3 d4 7. e3 c5 8. exd4 cxd4 9. Ne5 Nfd7 10. Nxd7 Nxd7 11. d3 Rb8 12. Re1 Qc7 13. Na3 a6 14. Nc2 e5 15. f4 Bd6 16. b4 exf4 17. c5 Be5 18. Rxe5 Nxe5 19. Bxf4 f6 20. Nxd4 Qf7 21. Qc2 Bd7 22. Nf3 Nxf3+ 23. Bxf3 Rbd8 24. Bc7 Bf5 25. Bxd8 Rxd8 26. Be4 Qd7 27. Qc4+ Kh8 28. Re1 Be6 29. Qc3 Bxa2 30. Rf1 Be6 31. Rxf6 gxf6 32. Qxf6+ Kg8 33. Qg5+ Kf8 34. Qf6+ Bf7 35. c6 bxc6 36. Qh6+ Ke7 37. Qg5+ Ke8 38. Qe5+ Kf8 39. Qh8+ Ke7 40. Qe5+ Qe6 41. Qg5+ Qf6 42. Qc5+ Qd6 43. Qg5+ Kf8 0-1


[Site "https://www.chess.com"]

[Event "Titled Tuesday Blitz October 5 2021"]
[White "Melikhov, Evgeny V."]
[Black "Sadykov, Ramil"]
[WhiteFideId "4122046"]
[BlackFideId "24113590"]
[WhiteElo "1927"]
[BlackElo "2300"]
[Result "0-1"]
[Round "05"]
[TimeControl "180+1"]
[Date "2021.10.05"]
[WhiteClock "0:00:06"]
[BlackClock "0:00:05"]

1. d4 d5 2. c4 e6 3. Nc3 Nf6 4. cxd5 exd5 5. Bg5 c6 6. Qc2 Be7 7. e3 Nbd7 8. Bd3 O-O 9. Nf3 Re8 10. O-O Nf8 11. h3 g6 12. Ne5 Ne6 13. Bh6 Ng7 14. Rab1 Bf5 15. b4 Bxd3 16. Qxd3 Nf5 17. Bg5 a6 18. a4 Nd7 19. Bxe7 Rxe7 20. Nxd7 Qxd7 21. b5 axb5 22. axb5 Ra3 23. Qc2 Re8 24. Rb3 Rea8 25. Rxa3 Rxa3 26. Rb1 h5 27. Rb3 Qd6 28. Rxa3 Qxa3 29. bxc6 bxc6 30. Na4 Qa1+ 31. Kh2 Qf1 32. Nc5 Nh4 33. f3 Nf5 34. Qd3 Qe1 35. e4 Qg3+ 36. Kg1 Nh4 37. Qf1 Qf4 38. Qf2 Qc1+ 39. Kh2 Qf4+ 40. Qg3 Nxf3+ 41. gxf3 Qd2+ 42. Qg2 Qxd4 43. Qc2 Qe3 44. Kg2 h4 45. Qf2 Qg5+ 46. Kh2 Qf4+ 47. Kh1 dxe4 48. Nxe4 Kh7 49. Kg2 f5 50. Nd2 c5 51. Nf1 c4 52. Ne3 c3 53. Nc2 Kh6 54. Qe1 Qd2+ 55. Qxd2+ cxd2 56. Ne3 Kg5 57. Nd1 Kf4 58. Kf2 g5 59. Ne3 g4 60. fxg4 fxg4 61. hxg4 h3 62. Nd1 Kxg4 63. Ke2 h2 64. Nf2+ Kg3 65. Nh1+ Kg2 66. Kxd2 Kxh1 67. Ke2 Kg2 0-1


[Site "https://www.chess.com"]

[Event "Titled Tuesday Blitz October 5 2021"]
[White "Nagy, Gabor"]
[Black "Tologon tegin, Semetei"]
[WhiteFideId "737119"]
[BlackFideId "13800574"]
[WhiteElo "2534"]
[BlackElo "2224"]
[Result "1-0"]
[Round "05"]
[TimeControl "180+1"]
[Date "2021.10.05"]
[WhiteClock "0:00:14"]
[BlackClock "0:00:01"]

1. e4 c5 2. Nf3 d6 3. d4 cxd4 4. Nxd4 Nf6 5. Nc3 g6 6. Bg5 Bg7 7. Bb5+ Bd7 8. Qe2 O-O 9. O-O-O a6 10. Bxd7 Nbxd7 11. f4 Qc7 12. Rhe1 e5 13. fxe5 dxe5 14. Nb3 Rac8 15. Kb1 h6 16. Bh4 Nb6 17. Rf1 Nh5 18. Bf2 Nf4 19. Qf3 Rcd8 20. g3 Ne6 21. Bxb6 Qxb6 22. Nd5 Qb5 23. c3 Kh7 24. h4 a5 25. Nc1 a4 26. a3 Nc5 27. Nd3 Nb3 28. h5 Na5 29. N3b4 Nc4 30. Ka2 Nd6 31. Rde1 Qc4+ 32. Ka1 Nb5 33. g4 Qb3 34. Qh3 Nd6 35. g5 Nc4 36. Re2 gxh5 37. gxh6 Bxh6 38. Nf6+ Kg7 39. Nxh5+ Kh7 40. Qf5+ Kh8 41. Qf6+ Kh7 42. Rb1 Rd1 43. Qf5+ Kh8 44. Qf6+ Kh7 45. Qf5+ Kh8 46. Na2 Rxb1+ 47. Kxb1 Qc2+ 48. Kxc2 1-0


[Site "https://www.chess.com"]

[Event "Titled Tuesday Blitz October 5 2021"]
[White "Nakamura, Hikaru"]
[Black "Hamidi, Amir Mohammad"]
[WhiteFideId "2016192"]
[BlackFideId "12563285"]
[WhiteElo "2884"]
[BlackElo "2239"]
[Result "1-0"]
[Round "05"]
[TimeControl "180+1"]
[Date "2021.10.05"]
[WhiteClock "0:01:55"]
[BlackClock "0:00:54"]

1. Nf3 Nf6 2. e3 g6 3. b3 Bg7 4. d4 O-O 5. Bb2 d6 6. Be2 Nbd7 7. O-O e5 8. dxe5 Ng4 9. c4 Ngxe5 10. Nxe5 Nxe5 11. Nc3 Be6 12. Qd2 Nc6 13. Nd5 Bxb2 14. Qxb2 Bxd5 15. cxd5 Ne5 16. Rac1 a5 17. Qc3 a4 18. b4 c6 19. f4 Nd7 20. dxc6 bxc6 21. Qxc6 Qe7 22. Qc3 a3 23. Bf3 Rab8 24. Qxa3 Nb6 25. Qd3 d5 26. a3 Rfd8 27. Rc3 Nc4 28. Bxd5 Nb6 29. e4 Nxd5 30. exd5 Rb5 31. Qxb5 1-0


[Site "https://www.chess.com"]

[Event "Titled Tuesday Blitz October 5 2021"]
[White "Nesterov, Arseniy"]
[Black "Seliverstov, Vladimir"]
[WhiteFideId "24198455"]
[BlackFideId "4192036"]
[WhiteElo "2494"]
[BlackElo "2489"]
[Result "1/2-1/2"]
[Round "05"]
[TimeControl "180+1"]
[Date "2021.10.05"]
[WhiteClock "0:00:06"]
[BlackClock "0:00:11"]

1. d4 g6 2. e4 Bg7 3. Nc3 d6 4. Bc4 a6 5. a4 b6 6. Nf3 e6 7. O-O Ne7 8. Ne2 O-O 9. Ng3 Nd7 10. c3 Bb7 11. Bb3 Nf6 12. Re1 b5 13. Qe2 Qd7 14. h3 c5 15. dxc5 dxc5 16. Bf4 c4 17. Bc2 Nc6 18. Red1 Qc8 19. Bd6 Rd8 20. e5 Nd5 21. Ne4 Nce7 22. Bxe7 Nxe7 23. Nd6 Qc7 24. Ng5 Rf8 25. Nxb7 Qxb7 26. Be4 Nd5 27. Bxd5 exd5 28. e6 Rae8 29. axb5 axb5 30. exf7+ Qxf7 31. Qd2 Bh6 32. Nxf7 Bxd2 33. Rxd2 Rxf7 34. Ra5 Re1+ 35. Kh2 Rb7 36. Rxd5 Re2 37. Raxb5 Rxb5 38. Rxb5 Rxf2 39. Rb4 Kg7 40. Kg3 Rd2 41. Kf3 h5 42. h4 Kf6 43. g3 Kf5 44. Rxc4 Rxb2 45. Rc5+ Kf6 46. Rc8 Rc2 47. c4 Rc1 48. c5 Rf1+ 49. Kg2 Rc1 50. c6 Rc3 51. Kf2 Kg7 52. Rc7+ Kh6 53. Kg2 Rc2+ 54. Kf3 Rc3+ 55. Kf4 Rc4+ 56. Ke5 Rc3 57. Kd6 Rd3+ 58. Ke7 Rc3 59. Kd7 Rd3+ 60. Kc8 Rc3 61. Kd7 Rd3+ 62. Ke8 Rc3 63. Rc8 Rxg3 64. Kd7 Rg4 65. c7 Rd4+ 66. Kc6 Rxh4 67. Rh8+ Kg5 68. c8=Q Rc4+ 69. Kd5 Rxc8 70. Rxc8 Kf4 71. Rg8 g5 72. Rf8+ Ke3 73. Rf5 g4 74. Rxh5 g3 75. Rg5 Kf2 76. Ke4 g2 77. Rf5+ Ke2 78. Rg5 Kf2 79. Rxg2+ Kxg2 1/2-1/2


[Site "https://www.chess.com"]

[Event "Titled Tuesday Blitz October 5 2021"]
[White "Nguyen Hong Nhung"]
[Black "Lewtak, Damian"]
[WhiteFideId "12412201"]
[BlackFideId "1141724"]
[WhiteElo "1661"]
[BlackElo "2203"]
[Result "1-0"]
[Round "05"]
[TimeControl "180+1"]
[Date "2021.10.05"]
[WhiteClock "0:00:19"]
[BlackClock "0:00:08"]

1. e4 c5 2. Nc3 Nc6 3. Bb5 Nd4 4. Bc4 e6 5. Nge2 Nf6 6. O-O a6 7. a4 d5 8. exd5 exd5 9. Ba2 Nxe2+ 10. Qxe2+ Be7 11. Re1 Be6 12. d3 O-O 13. Bg5 h6 14. Bh4 Qd7 15. h3 Rfe8 16. Qf3 Rad8 17. a5 Nh7 18. Bxe7 Rxe7 19. Nxd5 Bxd5 20. Rxe7 Bxf3 21. Rxd7 Rxd7 22. gxf3 Rd6 23. Re1 Kf8 24. Re5 Ng5 25. Rxc5 Nxf3+ 26. Kg2 Nd2 27. f4 Rd4 28. Rc8+ Ke7 29. Rc7+ Kd6 30. Rxf7 Ra4 31. Bc4 Nxc4 32. dxc4 Rxc4 33. c3 Ra4 34. Rxb7 Rxa5 35. Rxg7 Rb5 36. Rg6+ Kd5 37. b4 a5 38. bxa5 Rxa5 39. Rxh6 Ke4 40. Kg3 Rc5 41. Re6+ Kd3 42. Rd6+ Ke4 43. Re6+ Kd3 44. Kg4 Kxc3 45. Rd6 Rc8 46. h4 Rg8+ 47. Kf5 Rf8+ 48. Kg5 Rg8+ 49. Rg6 1-0


[Site "https://www.chess.com"]

[Event "Titled Tuesday Blitz October 5 2021"]
[White "Nilsen, Tobias Lang"]
[Black "Mikhalevski, Victor"]
[WhiteFideId "1521624"]
[BlackFideId "2801914"]
[WhiteElo "1975"]
[BlackElo "2577"]
[Result "0-1"]
[Round "05"]
[TimeControl "180+1"]
[Date "2021.10.05"]
[WhiteClock "0:00:13"]
[BlackClock "0:01:24"]

1. e4 e5 2. Nf3 Nc6 3. Bb5 g6 4. d4 exd4 5. c3 a6 6. Bc4 Bg7 7. cxd4 Nge7 8. O-O O-O 9. Nc3 b5 10. Bb3 d6 11. h3 Na5 12. Bc2 c5 13. d5 Nc4 14. Rb1 h6 15. b3 Bxc3 16. bxc4 Bg7 17. Nd2 f5 18. exf5 Bxf5 19. Bb2 Bxb2 20. Rxb2 Kh8 21. Bxf5 Nxf5 22. Qg4 Qf6 23. Rbb1 h5 24. Qf4 Qd4 25. Qxd4+ Nxd4 26. Rfe1 Rae8 27. Kf1 Kg7 28. Nb3 bxc4 29. Nxd4 cxd4 30. Red1 d3 31. Rb4 Re2 32. f3 Rc8 33. Rb6 c3 34. Rc6 c2 35. Rc1 Rxc6 36. dxc6 d2 37. Kxe2 dxc1=Q 38. c7 Qd1+ 39. Kf2 c1=Q 40. c8=Q Qxc8 41. Kg3 Qe1+ 42. Kh2 d5 43. a4 Qc7+ 44. g3 Qcxg3# 0-1


[Site "https://www.chess.com"]

[Event "Titled Tuesday Blitz October 5 2021"]
[White "Omariev, Maksim"]
[Black "Nenezic, Marko"]
[WhiteFideId "4193423"]
[BlackFideId "912123"]
[WhiteElo "2476"]
[BlackElo "2484"]
[Result "0-1"]
[Round "05"]
[TimeControl "180+1"]
[Date "2021.10.05"]
[WhiteClock "0:00:01"]
[BlackClock "0:00:29"]

1. e4 c5 2. Nf3 d6 3. d4 cxd4 4. Nxd4 Nf6 5. Nc3 a6 6. h3 e6 7. g4 b5 8. Bg2 Bb7 9. O-O Nfd7 10. f4 Nc6 11. Be3 Be7 12. Nce2 O-O 13. Qd2 Qc7 14. a4 bxa4 15. Nxc6 Bxc6 16. Nd4 Bb5 17. Rfc1 Nb6 18. b3 Rac8 19. Nxb5 axb5 20. Qa5 Rb8 21. bxa4 d5 22. axb5 Bc5 23. Qe1 Nc4 24. Bf2 Rxb5 25. exd5 exd5 26. f5 h5 27. Kh1 hxg4 28. hxg4 Qf4 29. Bxc5 Rxc5 30. Rd1 Ne3 31. Rd3 Nxg4 32. Kg1 Rxc2 33. Qf1 Qh2# 0-1


[Site "https://www.chess.com"]

[Event "Titled Tuesday Blitz October 5 2021"]
[White "Ozen, Bahadir"]
[Black "Martin Carmona, Gaston Manuel"]
[WhiteFideId "6337058"]
[BlackFideId "22284567"]
[WhiteElo "2503"]
[BlackElo "2161"]
[Result "1-0"]
[Round "05"]
[TimeControl "180+1"]
[Date "2021.10.05"]
[WhiteClock "0:01:54"]
[BlackClock "0:01:26"]

1. e4 e6 2. d4 d5 3. exd5 exd5 4. Nf3 Nf6 5. Bd3 Bd6 6. O-O O-O 7. c3 c6 8. Bg5 Bg4 9. Nbd2 Nbd7 10. Qc2 Re8 11. Bxh7+ Kh8 12. Bf5 Bxf5 13. Qxf5 Be7 14. Rfe1 Nf8 15. Ne5 Kg8 16. Bxf6 Bxf6 17. Ng4 Nd7 18. Nf3 Qc7 19. g3 Qd6 20. h4 Kf8 21. Qh7 g6 22. Nh6 Bg7 23. Qg8# 1-0


[Site "https://www.chess.com"]

[Event "Titled Tuesday Blitz October 5 2021"]
[White "Petesch, Gabriel"]
[Black "Karacsonyi, Gellert"]
[WhiteFideId "2032465"]
[BlackFideId "764620"]
[WhiteElo "2374"]
[BlackElo "2215"]
[Result "0-1"]
[Round "05"]
[TimeControl "180+1"]
[Date "2021.10.05"]
[WhiteClock "0:00:02"]
[BlackClock "0:00:19"]

1. Nf3 Nf6 2. b3 d5 3. Bb2 e6 4. e3 Be7 5. d4 O-O 6. Bd3 b6 7. O-O Bb7 8. Nbd2 c5 9. Qe2 Nc6 10. a3 Rc8 11. dxc5 bxc5 12. Rad1 Qc7 13. Ng5 Ne5 14. Nxh7 Neg4 15. Nxf6+ Bxf6 16. Qxg4 Bxb2 17. Nf3 g6 18. h4 e5 19. h5 e4 20. Bxe4 dxe4 21. Rd7 exf3 22. hxg6 Qe5 23. gxf7+ Kh8 24. Rfd1 Be4 25. R1d6 Bh7 26. Qh4 Qg7 27. Rh6 Qxg2# 0-1


[Site "https://www.chess.com"]

[Event "Titled Tuesday Blitz October 5 2021"]
[White "Petukhov, Dmitry"]
[Black "Kavyev, Ruslan"]
[WhiteFideId "4142748"]
[BlackFideId "34110981"]
[WhiteElo "2356"]
[BlackElo "2182"]
[Result "1-0"]
[Round "05"]
[TimeControl "180+1"]
[Date "2021.10.05"]
[WhiteClock "0:01:40"]
[BlackClock "0:00:25"]

1. e4 c5 2. c3 Nf6 3. e5 Nd5 4. d4 cxd4 5. Nf3 d6 6. Qxd4 e6 7. Bb5+ Bd7 8. Na3 a6 9. Bxd7+ Qxd7 10. Nc4 Nc6 11. Qe4 dxe5 12. Ncxe5 Nxe5 13. Nxe5 Qc7 14. O-O Bd6 15. Nf3 O-O 16. Be3 h6 17. h3 Rfd8 18. Rfd1 Rd7 19. Bd4 Rad8 20. Be5 Nf6 21. Bxf6 Bh2+ 22. Nxh2 Rxd1+ 23. Rxd1 Rxd1+ 24. Nf1 Rxf1+ 25. Kxf1 gxf6 26. c4 f5 27. Qd4 b5 28. c5 Qh2 29. c6 Qh1+ 30. Ke2 Qc1 31. Qc3 Qb1 32. c7 Qe4+ 33. Kd1 Qb1+ 34. Kd2 1-0


[Site "https://www.chess.com"]

[Event "Titled Tuesday Blitz October 5 2021"]
[White "Pichot, Alan"]
[Black "Aditya Mittal"]
[WhiteFideId "110973"]
[BlackFideId "35042025"]
[WhiteElo "2600"]
[BlackElo "2245"]
[Result "1-0"]
[Round "05"]
[TimeControl "180+1"]
[Date "2021.10.05"]
[WhiteClock "0:00:06"]
[BlackClock "0:00:02"]

1. e4 c5 2. Nf3 d6 3. d4 cxd4 4. Nxd4 Nf6 5. Nc3 a6 6. Bd3 e5 7. Nde2 Be7 8. O-O Be6 9. Ng3 Nc6 10. Nh5 Nxh5 11. Qxh5 O-O 12. Nd5 Bxd5 13. exd5 g6 14. Qh6 Nb4 15. Be4 f5 16. a3 fxe4 17. axb4 Qb6 18. c3 Rf5 19. Qe3 Qxe3 20. Bxe3 Rc8 21. b5 axb5 22. Ra7 Rc7 23. Bb6 Rd7 24. Re1 e3 25. Bxe3 e4 26. Rd1 Bg5 27. Bb6 Re7 28. h3 Kg7 29. Ra5 Kh6 30. Rxb5 e3 31. fxe3 Bxe3+ 32. Bxe3+ Rxe3 33. Rxb7 Re2 34. Rd4 Rff2 35. Rh4+ Kg5 36. Rg4+ Kh6 37. b4 Rd2 38. c4 Rfe2 39. b5 g5 40. Rd7 Kg6 41. Rxd6+ Kf5 42. Rh6 Rd1+ 43. Kh2 Ree1 44. Rxh7 Rh1+ 45. Kg3 Rd3+ 46. Kf2 Rhd1 47. Rf7+ Kg6 48. Rf3 R3d2+ 49. Kg3 Rg1 50. Kh2 Rdd1 51. h4 Kh5 52. Kg3 Rxg2+ 53. Kxg2 Kxg4 54. hxg5 Rd2+ 55. Rf2 1-0


[Site "https://www.chess.com"]